 Dungeon Crawl Stone Soup version 0.30-a0-800-g7c544603b3 (webtiles) character file.

Game seed: 1086561431554891501

15613 Hubris850 the Destroyer (level 12, -3/85 HPs)
             Began as a White Draconian Conjurer on Feb 21, 2023.
             Was a Priest of Vehumet.
             Slain by a reaper
             ... wielding a +2 scythe of freezing
              (26 damage)
             ... in an ice cave.
             The game lasted 00:47:56 (13327 turns).

Hubris850 the Destroyer (White Draconian Conjurer) Turns: 13327, Time: 00:47:56

Health: -3/85      AC: 19    Str: 10    XL:     12   Next: 2%
Magic:  24/27      EV: 18    Int: 23    God:    Vehumet [***...]
Gold:   612        SH:  0    Dex: 16    Spells: 19/33 levels left

rFire   . . .      SeeInvis .    b - +7 dire flail (protect)
rCold   + . .      Faith    .    (shield currently unavailable)
rNeg    . . .      Spirit   .    (body armour unavailable)
rPois   .          Reflect  .    U - +1 hat of Watchfulness {Will++}
rElec   .          Harm     .    p - +2 cloak
rCorr   .          Rampage  .    (no gloves)
Will    ++...                    (no boots)
Stlth   ++                       t - amulet of regeneration
HPRegen 1.14/turn                B - +6 ring of dexterity
MPRegen 0.20/turn                K - +5 ring of evasion

@: under a protective aura, hasted, very quick
A: breathe frost, AC +8, unfitting armour, cold resistance 1, cold-blooded
a: Breathe Frost, Renounce Religion


You were in an ice cave.
You worshipped Vehumet.
Vehumet was most pleased with you.
You visited 3 branches of the dungeon, and saw 13 of its levels.
You also visited: Ice Cave.

You collected 612 gold pieces.

Inventory:

Hand Weapons
 b - a +7 dire flail of protection (weapon)
 d - a +0 whip
 e - a +0 dagger
 k - a +0 short sword
 n - the +3 hammer of Defence {flame, rPois rF++ rCorr Dex-2}
   (You found it on level 3 of the Dungeon)

   Dex:       It affects your dexterity (-2).
   rF:        It greatly protects you from fire.
   rPois:     It protects you from poison.
   rCorr:     It protects you from acid and corrosion.
 y - a +0 club
 G - a +0 whip of distortion
 L - a +5 morningstar
 O - a +5 war axe of freezing
 T - a +2 heavy war axe
 V - a +1 whip of venom
Missiles
 F - 10 boomerangs
 I - 28 poisoned darts
 S - a curare-tipped dart
Armour
 g - a +0 cloak
 p - a +2 cloak (worn)
 w - a +2 hat
 H - a +0 kite shield
 U - the +1 hat of Watchfulness (worn) {Will++}
   (You acquired it on level 10 of the Dungeon)

   Will:      It greatly increases your willpower.
Magical Staves
 a - a staff of conjuration
 r - a staff of poison
Jewellery
 o - a ring of positive energy
 t - an amulet of regeneration (around neck)
 B - a +6 ring of dexterity (left hand)
 K - a +5 ring of evasion (right hand)
 R - a ring of protection from fire
 W - an amulet of the acrobat
Wands
 s - a wand of light (14)
 u - a wand of mindburst (10)
 P - a wand of flame (21)
 Q - a wand of polymorph (8)
 X - a wand of paralysis (5)
Scrolls
 i - 5 scrolls of enchant armour
 j - 3 scrolls of amnesia
 x - 3 scrolls of enchant weapon
 A - 6 scrolls of teleportation
 E - a scroll of magic mapping
 M - a scroll of brand weapon
Potions
 h - a potion of ambrosia
 l - 2 potions of resistance
 m - 3 potions of curing
 q - a potion of lignification
 v - 2 potions of attraction
 z - 3 potions of mutation
 C - a potion of flight
 J - a potion of cancellation
 N - a potion of magic


   Skills:
 - Level 2.0 Fighting
 - Level 6.0 Maces & Flails
 - Level 4.0 Dodging
 - Level 3.0 Stealth
 + Level 11.4 Spellcasting
 + Level 12.7 Conjurations
 - Level 4.0 Hexes
 - Level 3.0 Translocations


You had 19 spell levels left.
You knew the following spells:

 Your Spells              Type           Power      Damage    Failure   Level
a - Magic Dart            Conj           100%       1d8       1%          1
b - Searing Ray           Conj           100%       2d8       1%          2
c - Fulminant Prism       Conj/Hex       25%        3d14      1%          4
d - Iskenderun's Mystic   Conj/Tloc      49%        2d11      1%          4
e - Mephitic Cloud        Conj/Pois/Air  32%        N/A       1%          3

Your spell library contained the following spells:

 Spells                   Type           Power      Damage    Failure   Level
 Airstrike                Air            6%         2d(1-17)  13%         4
 Dazzling Flash           Conj/Hex       100%       N/A       1%          3
 Portal Projectile        Hex/Tloc       58%        N/A       3%          3
 Necrotise                Necr           52%        1d6       4%          1
 Call Canine Familiar     Summ           13%        N/A       14%         3
 Vampiric Draining        Necr           13%        2d6       14%         3
 Leda's Liquefaction      Hex/Erth       11%        N/A       22%         4
 Petrify                  Tmut/Erth      13%        N/A       43%         4
 Metabolic Englaciation   Hex/Ice        11%        N/A       52%         5
 Agony                    Necr           13%        N/A       80%         5
 Statue Form              Tmut/Erth      8%         N/A       100%        6


Dungeon Overview and Level Annotations

Branches:
Dungeon (11/15)            Temple (1/1) D:5            Lair (1/5) D:11
  IceCv (1/1)
    Orc: D:9-12

Altars:
Ashenzari
Cheibriados
Dithmenos
Elyvilon
Fedhas
Gozag
Hepliaklqana
Kikubaaqudgha
Makhleb
Nemelex Xobeh
Okawaru
Qazlal
Ru
Sif Muna
Trog
Uskayaw
Vehumet
Wu Jian
Xom
Yredelemnul
Zin
The Shining One

Shops:
D:8 =

Annotations:
D:3 1 runed translucent door, Crazy Yiuf
D:6 1 runed translucent door
D:10 4 transporters
D:11 1 runed translucent door, tarna41's ghost, journeyman MiBe


Innate Abilities, Weirdness & Mutations

You can breathe waves of freezing cold which knock back foes.
Your icy white scales are hard. (AC +8)
You cannot fit into any form of body armour.
Your flesh is cold resistant. (rC+)
You are cold-blooded and may be slowed by cold attacks.


Message History

Unknown command.
Unknown command.
Okay, then.
Unknown command.
Throw: throwing net
Press: ? - help, Shift-Dir - straight line, f/p - reaper
Aim: a reaper, wielding a +2 scythe of freezing (moderately wounded, blind, 60% to hit)
You throw a throwing net.
The throwing net barely misses the reaper.
The reaper closely misses you.
Really walk into that cloud of freezing vapour?
You are engulfed in freezing vapours.
You resist.
Your +7 dire flail of protection hums with potential!
b - a +7 dire flail of protection (weapon)
You are engulfed in freezing vapours.
You resist. The reaper misses you.
You strike the helpless reaper from behind!
You puncture the reaper!
Your weapon exudes an aura of protection.
The reaper is heavily wounded.
You closely miss the reaper.
The reaper is heavily wounded.
The reaper hits you with a +2 scythe of freezing!
* * * LOW HITPOINT WARNING * * *
The reaper freezes you.
* * * LOW HITPOINT WARNING * * *
You hit the reaper.
You tail-slap the reaper, but do no damage.
The reaper is heavily wounded.
The reaper hits you but does no damage.
You barely miss the reaper.
The reaper is heavily wounded.
The reaper is no longer blind.
Aiming: Bolt of Light
Press: ? - help, Shift-Dir - straight line, f/p - reaper
Aim: a reaper, wielding a +2 scythe of freezing (heavily wounded, 71% to hit)
The bolt of light hits the reaper but does no damage.
The reaper is heavily wounded.
The reaper is blinded.
The reaper hits you with a +2 scythe of freezing!!
You die...

#...#...#
###.###...###
#...#.#...#.#
#'###'#...#'#
#.#.'.......+
#.###.8...8.###
#.#.'.......'.#
#.###.8...8.###
#.+.@.........'.
#.###28...8.###.
#.#.'.......'.
#.###.8...8.###
#.# '.......'
#+######'#####
.. ##


You could see a reaper (blind).

Vanquished Creatures
  A two-headed ogre (D:9)
  An ugly thing (D:11)
  A cyclops (D:11)
  Maurice (D:11)
  Joseph (D:8)
  2 cane toads (Lair:1)
  2 ice statues (IceCv)
  A kobold demonologist (D:11)
  A freezing wraith (IceCv)
  Psyche (D:8)
  A komodo dragon (D:9)
  3 ice devils (IceCv)
  2 trolls
  Grinder (D:6)
  Prince Ribbit (D:7)
  Sigmund (D:5)
  2 vampires (D:9)
  Grum (D:10)
  3 dire elephant simulacra (IceCv)
  14 yaks
  2 vampire mosquitoes (D:10)
  Edmund (D:5)
  4 harpy simulacra (IceCv)
  2 hydra simulacra (IceCv)
  A water moccasin (D:5)
  An acid dragon (D:10)
  Duvessa (D:7)
  6 black bears
  A sky beast (D:7)
  3 ice beasts
  8 centaurs
  4 wolves (D:10)
  2 ogres
  A phantom (D:5)
  2 kobold brigands
  A gnoll sergeant (D:9)
  3 scorpions
  6 bullfrogs
  2 necrophages
  2 cane toad simulacra
  22 wights
  Dowan (D:7)
  An elephant simulacrum (IceCv)
  3 killer bees (D:8)
  3 howler monkeys
  4 hounds
  3 orc priests
  A jelly (D:6)
  5 iguanas
  A human skeleton (D:6)
  6 orc wizards
  3 troll simulacra (IceCv)
  2 polar bear simulacra
  9 gnolls
  12 adders
  A naga simulacrum (IceCv)
  A shadow imp (D:4)
  A white imp (D:7)
  2 ufetubi
  4 worms
  2 dart slugs
  21 orcs
  10 endoplasms
  14 giant cockroaches
  12 goblins
  6 hobgoblins
  2 jackals (D:1)
  8 ball pythons
  10 bats
  7 frilled lizards
  16 kobolds
  4 rats
291 creatures vanquished.

Vanquished Creatures (others)
  86 fulminant prisms
  44 fungi
  60 plants
190 creatures vanquished.

Grand Total: 481 creatures vanquished

Notes
Turn   | Place    | Note
-------+----------+-------------------------------------------
     0 | D:1      | Hubris850 the Draconian Conjurer began the quest for the
                  | Orb.
     0 | D:1      | Reached XP level 1. HP: 14/14 MP: 3/3
   182 | D:1      | Reached XP level 2. HP: 20/20 MP: 3/5
   211 | D:1      | Learned a level 2 spell: Searing Ray
   644 | D:1      | Reached XP level 3. HP: 26/26 MP: 3/6
  1947 | D:2      | Reached XP level 4. HP: 33/33 MP: 3/7
  2319 | D:2      | Found a sparkling altar of Nemelex Xobeh.
  3092 | D:3      | Reached skill level 1 in Fighting
  3481 | D:3      | Reached XP level 5. HP: 40/40 MP: 4/8
  3666 | D:3      | Noticed a black bear
  3679 | D:3      | Killed a black bear
  3763 | D:3      | Learned a level 4 spell: Fulminant Prism
  3941 | D:3      | Found a runed translucent door.
  3942 | D:3      | Noticed Crazy Yiuf
  3944 | D:3      | Identified the +3 hammer of Defence {flame, rPois rF++
                  | rCorr Dex-2}
  4458 | D:4      | Found a snail-covered altar of Cheibriados.
  4470 | D:4      | Found a stormy altar of Qazlal.
  4478 | D:4      | Reached XP level 6. HP: 48/48 MP: 8/10
  4559 | D:4      | Reached skill level 1 in Hexes
  5179 | D:5      | Entered Level 5 of the Dungeon
  5307 | D:5      | Reached skill level 5 in Conjurations
  5517 | D:5      | Noticed Sigmund
  5524 | D:5      | Killed Sigmund
  5525 | D:5      | Reached skill level 1 in Maces & Flails
  5525 | D:5      | Your scales start taking on an icy white colour.
  5525 | D:5      | Reached XP level 7. HP: 55/55 MP: 5/12
  5525 | D:5      | Gained mutation: Your flesh is cold resistant. (rC+) [White
                  | Draconian growth]
  5675 | D:5      | Noticed Edmund
  5708 | D:5      | Killed Edmund
  5709 | D:5      | Reached XP level 8. HP: 24/61 MP: 14/14
  5753 | D:5      | Found a staircase to the Ecumenical Temple.
  5763 | Temple   | Entered the Ecumenical Temple
  5958 | D:5      | Reached skill level 6 in Conjurations
  6371 | D:6      | Reached skill level 5 in Spellcasting
  6966 | D:6      | Noticed Grinder
  6982 | D:6      | Killed Grinder
  7278 | D:6      | Reached skill level 7 in Conjurations
  7278 | D:6      | Reached XP level 9. HP: 67/67 MP: 11/17
  7284 | D:6      | Found a runed translucent door.
  7290 | D:6      | Found a basalt altar of Yredelemnul.
  7479 | D:6      | Reached skill level 5 in Maces & Flails
  7805 | D:7      | Noticed Prince Ribbit
  7826 | D:7      | Killed Prince Ribbit
  7992 | D:7      | Noticed Dowan
  7994 | D:7      | Noticed Duvessa
  7999 | D:7      | Killed Dowan
  8001 | D:7      | Killed Duvessa
  8263 | D:7      | You fall into a shaft and drop 2 floors!
  8278 | D:8      | Found Ludduwk's Jewellery Emporium.
  8321 | D:8      | Reached skill level 8 in Conjurations
  8468 | D:8      | Noticed Psyche
  8474 | D:8      | Killed Psyche
  8676 | D:8      | Noticed Joseph
  8685 | D:8      | Killed Joseph
  8686 | D:8      | Reached XP level 10. HP: 73/73 MP: 13/21
  8693 | D:8      | Reached skill level 9 in Conjurations
  8881 | D:8      | Found a radiant altar of Vehumet.
  9098 | D:8      | Became a worshipper of Vehumet
  9521 | D:9      | Noticed a two-headed ogre
  9527 | D:9      | Killed a two-headed ogre
  9528 | D:9      | Reached skill level 10 in Conjurations
 10044 | D:9      | Reached * piety under Vehumet
 10044 | D:9      | Offered knowledge of Freeze by Vehumet.
 10191 | D:9      | Identified the +1 leather armour of Hieh {Regen+ Stlth+}
 10437 | D:10     | Entered Level 10 of the Dungeon
 10441 | D:10     | Noticed Grum
 10451 | D:10     | Killed Grum
 10452 | D:10     | Reached XP level 11. HP: 79/79 MP: 18/24
 10549 | D:10     | Found a transporter.
 10575 | D:10     | Found a transporter.
 10577 | D:10     | Identified a scroll of acquirement
 10578 | D:10     | Acquired the +1 hat of Watchfulness {Will++}
 10625 | D:10     | Reached skill level 11 in Conjurations
 10740 | D:10     | Found a shimmering blue altar of Sif Muna.
 11009 | D:10     | Found a transporter.
 11034 | D:10     | Found a transporter.
 11096 | D:10     | Reached ** piety under Vehumet
 11096 | D:10     | Offered knowledge of Shock by Vehumet.
 11299 | D:11     | Reached skill level 10 in Spellcasting
 11441 | D:11     | Noticed a brown ugly thing
 11466 | D:11     | Killed a brown ugly thing
 11553 | D:11     | Learned a level 4 spell: Iskenderun's Mystic Blast
 11611 | D:11     | Acquired a staff of conjuration
 11626 | D:11     | Found a staircase to the Lair.
 11649 | D:11     | Noticed a sun demon
 11654 | D:11     | Offered knowledge of Mephitic Cloud by Vehumet.
 11655 | D:11     | Reached skill level 1 in Translocations
 11657 | D:11     | Noticed Maurice
 11659 | D:11     | Learned a level 3 spell: Mephitic Cloud
 11668 | D:11     | Killed Maurice
 11882 | D:11     | Found a runed translucent door.
 11883 | D:11     | Noticed tarna41's ghost (journeyman MiBe)
 11955 | D:11     | Reached skill level 12 in Conjurations
 12332 | Lair:1   | Entered Level 1 of the Lair of Beasts
 12397 | Lair:1   | Reached *** piety under Vehumet
 12488 | Lair:1   | Found a frozen archway.
 12515 | IceCv    | Entered an ice cave
 12585 | IceCv    | Offered knowledge of Airstrike by Vehumet.
 13229 | IceCv    | Reached XP level 12. HP: 85/85 MP: 22/27
 13307 | IceCv    | Noticed a reaper
 13327 | IceCv    | Slain by a reaper

Illustrated notes

Levels and vault maps discovered:
D:1:      spicycebolla_green_bress_n_ham_2, layout_basic,
          minmay_worlds_worst_comb
D:2:      layout_basic, basic_altar
D:3:      kennysheep_six_static_rooms, layout_basic, uniq_crazy_yiuf_cottage
D:4:      layout_rooms, grunt_temple_overflow_open, minmay_splitting_lines
D:5:      layout_loops_ring, minmay_temple_entry_stoned_glass, serial_bayou,
          serial_bayou_lagoon_a, serial_bayou_shore_a, serial_bayou_shore_b,
          serial_bayou_pond_d, serial_park_tiny_pond, minmay_misc_feat_room,
          minivault_14, uniq_edmund, uniq_sigmund
D:6:      layout_loops_ring, dk_yredelemnul_ordeal, uniq_grinder
D:7:      layout_gridville, gammafunk_ghost_nasty_kobolds, uniq_prince_ribbit1,
          uniq_menkaure, uniq_duvessa
D:8:      nicolae_cairo_tiling_large, layout_gridville,
          mainiacjoe_overflow_surrounded_room, serial_shops,
          nicolae_square_shop, uniq_joseph, uniq_psyche
D:9:      layout_irregular_city, minmay_lizard_king
D:10:     layout_loops_ring, mainiacjoe_overflow_cross_hatched,
          nicolae_transporter_intersection, uniq_grum
D:11:     layout_small_grid, due_lair_maze_entry_diamond,
          ebering_ghost_inner_flame, lemuel_old_faithful, uniq_maurice
Temple:   bh_familiar_temple
Lair:1:   layout_roguey, portal_ice_cave_entry_ice_simulacra,
          cheibrodos_lair_caveside_slide
IceCv:    ice_cave_tombish

Skill      XL: |  1  2  3  4  5  6  7  8  9 10 11 |
---------------+----------------------------------+-----
Stealth        | 2 3 |  3.0
Dodging        | 2 3 4 |  4.0
Fighting       | 1 2 |  2.0
Hexes          | 2 3 4 |  4.0
Spellcasting   | 3 4 5 7 9 11 | 11.4
Conjurations   | 5 7 8 10 12 | 12.7
Maces & Flails | 1 3 4 6 |  6.0
Translocations | 3 |  3.0

Action                     |  1- 3 |  4- 6 |  7- 9 | 10-12 || total
---------------------------+-------+-------+-------+-------++-------
  Melee: Unarmed           |    23 |       |       |       ||    23
         Club              |    18 |       |       |       ||    18
         Tailslap          |     2 |     6 |    28 |    59 ||    95
         Whip              |     1 |       |       |       ||     1
         Short sword       |       |    29 |       |       ||    29
         Punch             |       |     1 |       |     1 ||     2
         Mace              |       |    14 |    22 |     9 ||    45
         Dire flail        |       |       |   147 |   281 ||   428
         Staff             |       |       |       |    71 ||    71
  Throw: Throwing net      |       |       |       |     1 ||     1
   Cast: Magic Dart        |    89 |   151 |    69 |    76 ||   385
         Searing Ray       |       |     2 |     7 |     2 ||    11
         Fulminant Prism   |       |       |    15 |    72 ||    87
         Iskenderun's Myst |       |       |       |     5 ||     5
Ability: Breathe Frost     |       |       |     2 |     1 ||     3
  Evoke: Wand              |       |       |    12 |     4 ||    16
    Use: Scroll            |       |     8 |     7 |     8 ||    23
         Potion            |       |       |     1 |     6 ||     7
   Stab: Invisible         |       |       |     1 |     1 ||     2
 Armour: Skin              |    18 |    25 |   100 |   219 ||   362
  Dodge: Dodged            |    38 |    54 |   166 |   572 ||   830

Table legend: (Time is in decaauts)
 A = Elapsed time spent in this place.
 B = Non-inter-level travel time spent in this place.
 C = Inter-level travel time spent in this place.
 D = Time resting spent in this place.
 E = Time spent auto-exploring this place.
 F = Levels seen in this place.
 G = Mean time per level.
                   A        B        C        D        E       F      G
               +--------+--------+--------+--------+--------+-----+--------+
         Total |  13394 |  13071 |    323 |   1839 |   8842 |  14 |  956.7 |
       Dungeon |  12217 |  11914 |    303 |   1294 |   8658 |  11 | 1110.6 |
        Temple |    183 |    163 |     20 |      0 |    156 |   1 |  183.0 |
          Lair |    181 |    181 |      0 |     45 |      0 |   1 |  181.0 |
      Ice Cave |    812 |    812 |      0 |    500 |     28 |   1 |  812.0 |
               +--------+--------+--------+--------+--------+-----+--------+

Top non-repeatable levels by time:
     D:3: 1592 daAuts
     D:1: 1531 daAuts
     D:2: 1237 daAuts
     D:6: 1219 daAuts
     D:8: 1099 daAuts
     D:5: 1074 daAuts
     D:9: 1073 daAuts
    D:11: 1052 daAuts
    D:10: 842 daAuts
     D:4: 822 daAuts
   IceCv: 812 daAuts
     D:7: 672 daAuts
  Temple: 183 daAuts
  Lair:1: 181 daAuts
